 Dungeon Crawl Stone Soup version 0.13-a0-1585-g6f4f798 (webtiles) character file.

150 Kae the Caller (level 3, -3/24 HPs)
             Began as a Mummy Summoner on June 13, 2013.
             Killed from afar by an orc wizard (16 damage)
             ... with a puff of flame
             ... on Level 3 of the Dungeon.
             The game lasted 00:07:51 (4086 turns).

Kae the Caller (Mummy Summoner)                     Turns: 4086, Time: 00:07:52

HP  -3/24        AC  2     Str 11      XL: 3   Next: 98%
MP   2/6         EV 12     Int 15      God:
Gold 83          SH  0     Dex 12      Spells:  2 memorised,  3 levels left

Res.Fire  : x . .   See Invis. : .   o - +1 trident (slay drac)
Res.Cold  : + . .   Warding    : .   a - +0 robe
Life Prot.: + + +   Conserve   : .   (no shield)
Res.Poison: +       Res.Corr.  : .   (no helmet)
Res.Elec. : .       Clarity    : .   (no cloak)
Sust.Abil.: + .     Spirit.Shd : .   (no gloves)
Res.Mut.  : .       Stasis     : .   (no boots)
Res.Rott. : +       Flight     : .   (no amulet)
Saprovore : . . .                    (no ring)
                                     c - ring of sustain abilities {unknown}

@: slightly resistant to hostile enchantments, fairly stealthy
A: no food or potions, fire vulnerability, restore body, cold resistance 1, life
protection 3, poison resistance, torment resistance, unbreathing
a: no special abilities


You were on level 3 of the Dungeon.
You were not hungry.

You visited 1 branch of the dungeon, and saw 3 of its levels.

You collected 63 gold pieces.

Inventory:

Hand weapons
 o - a +1,+1 trident of dragon slaying (weapon)
Armour
 a - a +0 robe (worn)
Magical devices
 d - a wand of frost (10)
Scrolls
 e - 2 scrolls of recharging {unknown}
 g - a scroll of curse jewellery {unknown}
 h - a scroll of identify {unknown}
 i - 2 scrolls of enchant weapon I {unknown}
 j - a scroll of magic mapping {unknown}
 k - a scroll of remove curse
 l - a scroll of random uselessness {unknown}
 m - a scroll of noise {unknown}
 p - a scroll of curse armour {unknown}
Jewellery
 c - a ring of sustain abilities (left hand) {unknown}
 f - an uncursed ring of teleportation
 n - a +3 ring of protection {unknown}
Books
 b - a book of Callings

   Spells                             Type                      Level
   *Summon Small Mammal               Summoning                    1
   *Call Imp                          Summoning                    2
   Call Canine Familiar               Summoning                    3
   Summon Scorpions                   Summoning/Poison             4
   Summon Ice Beast                   Ice/Summoning                4


   Skills:
 - Level 2.0 Dodging
 - Level 1.7 Stealth
 + Level 2.0 Spellcasting
 * Level 4.0 Summonings


You had 3 spell levels left.
You knew the following spells:

 Your Spells              Type           Power        Failure   Level  Hunger
a - Summon Small Mammal   Summ           ##..         4%          1    N/A
b - Call Imp              Summ           ##........   8%          2    N/A

Dungeon Overview and Level Annotations

Branches:
Dungeon (3/27)

Altars:


Innate Abilities, Weirdness & Mutations

You do not eat or drink.
Your flesh is vulnerable to fire.
Your flesh is cold resistant.
You are immune to negative energy.
Your system is resistant to poisons.
You are immune to unholy pain and torment.
You can survive without breathing.


Message History

Press: ? - help, Dir - move target cursor, f - you
Okay, then.
Unknown command.
Your shadow imp disappears in a puff of smoke!
Attack whom?
Press: ? - help, Dir - move target cursor
Aim: Disturbance (purple smoke)
You barely miss it.
Your crimson imp disappears in a puff of smoke!
You hear some strange, mumbled words.
The magic dart hits you! It hits you.
Attack whom?
Press: ? - help, Dir - move target cursor, f - orc
Aim: an orc wearing an orcish leather armour You reach to attack!
You barely miss the orc.
You hear some strange, mumbled words.
The puff of flame hits you! The fire burns you terribly!
Ouch! That really hurt!
You die...

..... #.# #....# #####
#.# #....# #.
##.####...>#
##...######..........#
.!...........#########
########%..).#
########.....#
.....oo......#
########@....# #######


You could see 2 orcs.

Vanquished Creatures
  2 giant mites (D:2)
  An orc (D:3)
  A bat (D:1)
  A hobgoblin (D:2)
  2 giant cockroaches (D:3)
  A giant newt (D:1)
  2 rats
10 creatures vanquished.

Vanquished Creatures (collateral kills)
  4 adders
  A worm (D:2)
  A giant gecko (D:1)
  An ooze (D:3)
  2 orcs
  4 bats
  4 goblins
  8 hobgoblins
  A ball python (D:1)
  4 giant newts
  2 jackals (D:1)
  4 kobolds
  4 rats (D:1)
40 creatures vanquished.

Vanquished Creatures (others)
  A shadow imp (D:2)
  A quokka (D:1)
  8 bats (D:1)
  A goblin (D:1)
  A kobold (D:1)
  6 rats (D:1)
18 creatures vanquished.

Grand Total: 68 creatures vanquished

Notes
Turn   | Place    | Note
--------------------------------------------------------------
     0 | D:1      | Kae, the Mummy Summoner, began the quest for the Orb.
     0 | D:1      | Reached XP level 1. HP: 13/13 MP: 3/3
   769 | D:1      | Reached XP level 2. HP: 17/19 MP: 0/4
  2515 | D:2      | Learned a level 2 spell: Call Imp
  2737 | D:2      | Reached XP level 3. HP: 8/24 MP: 0/6
  4082 | D:3      | Reached skill level 4 in Summonings
  4086 | D:3      | Killed from afar by an orc wizard

Action                   || total
-------------------------++-------
Melee: Unarmed           ||    80
       Trident           ||    13
 Cast: Summon Small Mamm ||    60
       Call Imp          ||    36
Evoke: Wand              ||     1
  Use: Scroll            ||     1
 Stab: Distracted        ||     1
       Sleeping          ||     1
